 Dungeon Crawl Stone Soup version 0.30-a0-1103-g25895a7845 (webtiles) character file.

Game seed: 5478884359411502089

52 qeuew the Trooper (level 3, -5/27 (29) HPs)
             Began as a Demonspawn Chaos Knight on Apr 18, 2023.
             Was a Plaything of Xom.
             Slain by a worm (10 damage)
             ... on level 2 of the Dungeon.
             The game lasted 00:01:03 (1402 turns).

qeuew the Trooper (Demonspawn Chaos Knight)         Turns: 1402, Time: 00:01:04

HP:   -5/27 (29)    AC:  5    Str: 14    XL:     3   Next: 60%
MP:   3/3           EV: 11    Int: 13    God:    Xom [.*....]
Gold: 85            SH:  0    Dex: 12    Spells: 2/2 levels left

rFire   . . .      SeeInvis .    a - +0 mace (chaos)
rCold   . . .      Faith    .    (no shield)
rNeg    . . .      Spirit   .    b - +2 leather armour
rPois   .          Reflect  .    (helmet restricted)
rElec   .          Rampage  .    (no cloak)
rCorr   .                        (no gloves)
Will    .....                    (no boots)
Stlth   +                        (no amulet)
HPRegen 0.24/turn                (no ring)
MPRegen 0.08/turn                (no ring)

@: drained
A: horns 1
a: Renounce Religion


You were on level 2 of the Dungeon.
You worshipped Xom.
You were a plaything of Xom.
You visited 1 branch of the dungeon, and saw 2 of its levels.

You collected 85 gold pieces.

Inventory:

Hand Weapons
 a - a +0 mace of chaos (weapon)
Armour
 b - a +2 leather armour (worn)
Scrolls
 g - 2 scrolls of teleportation
 h - a scroll of poison {unknown}
Potions
 d - a potion of mutation {unknown}
 e - 2 potions of curing
 f - 2 potions of degeneration {unknown}
Miscellaneous
 c - a piece from Xom's chessboard (15/15) (quivered)


   Skills:
 + Level 3.3 Fighting
 + Level 3.0 Maces & Flails
 + Level 2.3 Armour
 + Level 1.5 Dodging
 + Level 1.2 Evocations


You had 2 spell levels left.
You didn't know any spells.
Your spell library contained the following spells:

 Spells                   Type           Power      Damage    Failure   Level
 Dazzling Flash           Conj/Hex       0%         N/A       75%         3
 Volatile Blastmotes      Fire/Tloc      0%         2d10      75%         3
 Iskenderun's Mystic Bla  Conj/Tloc      0%         2d3       98%         4
 Starburst                Conj/Fire      0%         6d3       100%        6


Dungeon Overview and Level Annotations

Branches:
Dungeon (2/15)

Altars:


Innate Abilities, Weirdness & Mutations

You have a pair of small horns on your head.


Message History

The worm is moderately wounded.
The worm bites you.
You hit the worm.
The worm suddenly seems more resistant.
Xom is amused.
The worm is heavily wounded.
The worm bites you.
You hit the worm but do no damage.
You headbutt the worm, but do no damage.
The worm is moderately wounded.
The worm bites you.
You barely miss the worm. You headbutt the worm.
The worm is heavily wounded.
You completely miss the worm.
The worm is heavily wounded.
The worm barely misses you.
You hit the worm. You burn the worm.
The worm is severely wounded.
The worm bites you but does no damage.
A worm is nearby!
A worm is nearby!
A worm is nearby!
You barely miss the worm.
The worm is severely wounded.
The worm bites you.
A worm is nearby!
You are too injured to fight recklessly!
A worm is nearby!
You are too injured to fight recklessly!
A worm is nearby!
You are too injured to fight recklessly!
You hit the worm but do no damage. You headbutt the worm.
The worm is severely wounded.
You completely miss the worm. You headbutt the worm.
The worm is severely wounded.
The worm bites you!
* * * LOW HITPOINT WARNING * * *
You barely miss the worm. You headbutt the worm.
The worm is almost dead.
The worm bites you!
You die...

<#.#............##.# #.........#
##.#............##.# #.........#
...#............##.####.........#
.###............##.##...........#
................##.##.###########
###+#...........##.#..#
....†.############...## ......#
#..$......##....... ......#
.......@#.# ....... ......#
.......w#+# ....... [.....#
......... ....... ......#
.......... ....... ......#
........... ..#####
#+###.........# #[##...(. #.
......


You could see a worm (resistant).

Vanquished Creatures
  2 adders (D:2)
  2 worms (D:2)
  A dart slug (D:1)
  2 ball pythons
  2 endoplasms
  A giant cockroach (D:2)
  3 goblins
  3 hobgoblins (D:1)
  A quokka (D:2)
  2 bats (D:1)
  3 frilled lizards
  A kobold (D:1)
  5 rats
28 creatures vanquished.

Notes
Turn   | Place    | Note
-------+----------+-------------------------------------------
     0 | D:1      | qeuew the Demonspawn Chaos Knight began the quest for the
                  | Orb.
     0 | D:1      | Reached XP level 1. HP: 18/18 MP: 1/1
    47 | D:1      | Reached skill level 1 in Dodging
   218 | D:1      | Gained mutation: You have a pair of small horns on your
                  | head. [demonic ancestry]
   218 | D:1      | Reached XP level 2. HP: 24/24 MP: 2/2
   281 | D:1      | XOM: silly message
   289 | D:1      | XOM: 8-stop teleportation journey
  1013 | D:2      | Reached skill level 1 in Evocations
  1013 | D:2      | Reached XP level 3. HP: 27/29 MP: 3/3
  1024 | D:2      | XOM: draining
  1081 | D:2      | XOM: give mutations
  1081 | D:2      | Gained mutation: You sometimes lose your temper in combat.
                  | [Xom's mischief]
  1081 | D:2      | Lost mutation: You sometimes lose your temper in combat.
                  | [Xom's mischief]
  1402 | D:2      | Slain by a worm

Illustrated notes

Levels and vault maps discovered:
D:1:      dpeg_arrival_simpleton_b, layout_loops_corners, st_stairs_1,
          serial_bayou_lake_a
D:2:      layout_basic

Skill      XL: |  1  2  3 |
---------------+----------+-----
Dodging        | 1 |  1.5
Armour         | 2 |  2.3
Evocations     | 1 |  1.2
Maces & Flails | 3 |  3.0
Fighting       | |  3.3

Action                     || total
---------------------------++-------
  Melee: Mace              ||    77
         Headbutt          ||    12
         Punch             ||     1
    Use: Scroll            ||     3
   Stab: Sleeping          ||     2
 Armour: Leather armour    ||    18
  Dodge: Dodged            ||    39

Table legend: (Time is in decaauts)
 A = Elapsed time spent in this place.
 B = Non-inter-level travel time spent in this place.
 C = Inter-level travel time spent in this place.
 D = Time resting spent in this place.
 E = Time spent auto-exploring this place.
 F = Levels seen in this place.
 G = Mean time per level.
                   A        B        C        D        E       F      G
               +--------+--------+--------+--------+--------+-----+--------+
         Total |   1458 |   1432 |     26 |      0 |   1227 |   2 |  729.0 |
       Dungeon |   1458 |   1432 |     26 |      0 |   1227 |   2 |  729.0 |
               +--------+--------+--------+--------+--------+-----+--------+

Top non-repeatable levels by time:
     D:1: 1003 daAuts
     D:2: 454 daAuts
